 Dungeon Crawl Stone Soup version 0.24-a0-140-gcaa6c10 (webtiles) character file.

Game seed: 3862519716559325450

2026 Lanoc the Chopper (level 9, -4/69 HPs)
             Began as a Demonspawn Gladiator on Mar 4, 2019.
             Was a Believer of Makhleb.
             Slain by an orc warrior
             ... wielding a +0 trident
              (10 damage)
             ... on level 7 of the Dungeon.
             The game lasted 00:10:08 (4037 turns).

Lanoc the Chopper (Demonspawn Gladiator)            Turns: 4037, Time: 00:10:09

Health: -4/69      AC:  7    Str: 17    XL:     9   Next: 3%
Magic:  9/9        EV: 19    Int: 11    God:    Makhleb [**....]
Gold:   357        SH:  0    Dex: 16    Spells: 8/8 levels left

rFire    . . .     SeeInvis +   j - +8 dagger of the Snake Pit {pain, *Noise rPois Str+2 SInv}
rCold    . . .     Gourm    .   (no shield)
rNeg     . . .     Faith    .   b - +0 leather armour
rPois    +         Spirit   .   c - +0 helmet
rElec    .         Reflect  .   (no cloak)
rCorr    .         Harm     .   (no gloves)
MR       +....                  (no boots)
Stlth    ++........             (no amulet)
HPRegen  0.21/turn              r - ring of protection from magic
MPRegen  0.11/turn              x - +4 ring of evasion

@: no status effects
A: slimy green scales 2, nightstalker 1, spiny 2
a: Minor Destruction, Renounce Religion


You were on level 7 of the Dungeon.
You worshipped Makhleb.
Makhleb was pleased with you.
You were not hungry.

You visited 2 branches of the dungeon, and saw 8 of its levels.

You collected 357 gold pieces.

Inventory:

Hand Weapons
 a - a +0 war axe
 j - the +8 dagger of the Snake Pit (weapon) {pain, *Noise rPois Str+2 SInv}
   (You found it on level 6 of the Dungeon)

   In the hands of one skilled in necromantic magic, it inflicts extra damage on
   living creatures.
   It affects your strength (+2).
   It protects you from poison.
   It lets you see invisible.
   It may make noises in combat.
Armour
 b - a +0 leather armour (worn)
 c - a +0 helmet (worn)
 k - a +0 plate armour
Jewellery
 r - a ring of protection from magic (left hand)
 x - a +4 ring of evasion (right hand)
Wands
 w - a wand of iceblast (12)
 y - a wand of flame (20)
Scrolls
 e - 3 scrolls of remove curse
 g - a scroll of blinking {unknown}
 h - 2 scrolls of random uselessness {unknown}
 i - a scroll of teleportation {unknown}
 n - 2 scrolls of identify {unknown}
 o - 2 scrolls of fear {unknown}
 p - a scroll of magic mapping {unknown}
 q - 3 scrolls of amnesia {unknown}
 s - a scroll of immolation {unknown}
 t - a scroll of enchant armour {unknown}
 u - 2 scrolls of fog {unknown}
Potions
 l - a potion of haste
 m - a potion of degeneration
 v - a potion of flight {unknown}
Comestibles
 d - 28 chunks of flesh
 f - 14 rations


   Skills:
 + Level 5.9 Fighting
 * Level 6.6 Axes
 - Level 1.7 Throwing
 + Level 5.0 Armour
 + Level 5.8 Dodging


You had 8 spell levels left.
You didn't know any spells.
Your spell library was empty.

Dungeon Overview and Level Annotations

Branches:
Dungeon (7/15)             Temple (1/1) D:4

Altars:
Ashenzari
Cheibriados
Dithmenos
Elyvilon
Fedhas
Gozag
Hepliaklqana
Kikubaaqudgha
Makhleb
Nemelex Xobeh
Okawaru
Qazlal
Ru
Trog
Uskayaw
Xom
Yredelemnul
Zin
The Shining One

Shops:
D:5 =


Innate Abilities, Weirdness & Mutations

You are mostly covered in slimy green scales. (AC +3)
You are slightly more attuned to the shadows.
You are mostly covered in sharp spines.


Message History

The hippogriff is struck by your spines.
The hippogriff misses you. x2; The hippogriff barely misses you.
You completely miss the hippogriff.
The hippogriff is almost dead.
The orc warrior hits you from afar with a +0 trident!
* * * LOW HITPOINT WARNING * * *
The hippogriff bites you!
* * * LOW HITPOINT WARNING * * *
The hippogriff pecks you but does no damage.
The hippogriff closely misses you.
The orc wizard points at you and mumbles some strange words.
The magic dart hits you.
* * * LOW HITPOINT WARNING * * *
The orc wizard gestures wildly while chanting.
The orc wizard seems to speed up.
You hear a shout!
You hit the hippogriff.
The hippogriff is almost dead.
The orc warrior hits you from afar with a +0 trident!
You die...

.. . ..#
......#..##
......... ##
#.#.#...# #..
#.#.#...## # #.#
#........#%#
##.#### ##
#..#......#
......#
...##@H.......#
##.##.#
........o.o.....
......#
................
##<#..#
....##..........
##.#..# ....
###.......#
......# ###
#))....##
#.##.## #####
#)#...## #.##)#
#...# #(#####
...))##
#...####.#


You could see a hippogriff, an orc warrior and an orc wizard.

Vanquished Creatures
  Pikel (D:6)
  Menkaure (D:7)
  2 orc warriors (D:7)
  An ice beast (D:5)
  2 sky beasts
  4 slaves (D:6)
  An ogre (D:4)
  A centaur (D:5)
  A bullfrog (D:7)
  2 howler monkeys
  2 crimson imps (D:5)
  A jelly (D:6)
  2 hounds
  7 orc wizards
  2 centaur skeletons
  A gnoll shaman (D:6)
  An iguana (D:4)
  A worker ant (D:5)
  5 gnolls (D:6)
  4 adders
  A shadow imp (D:5)
  An ooze (D:4)
  2 worms (D:3)
  4 dart slugs
  7 leopard geckos
  21 orcs
  5 bats
  5 giant cockroaches
  5 goblins
  6 hobgoblins
  12 jackals
  2 quokkas
  2 frilled lizards
  A giant cockroach zombie (D:5)
  4 kobolds
  A leopard gecko zombie (D:5)
  7 rats
128 creatures vanquished.

Notes
Turn   | Place    | Note
-------+----------+-------------------------------------------
     0 | D:1      | Lanoc the Demonspawn Gladiator began the quest for the Orb.
     0 | D:1      | Reached XP level 1. HP: 16/16 MP: 1/1
   111 | D:1      | Gained mutation: You are partially covered in sharp spines.
                  | [demonic ancestry]
   111 | D:1      | Reached XP level 2. HP: 18/22 MP: 2/2
   137 | D:2      | Reached skill level 1 in Armour
   316 | D:2      | Reached XP level 3. HP: 24/28 MP: 3/3
   999 | D:3      | Reached XP level 4. HP: 32/34 MP: 4/4
  1155 | D:4      | Found a staircase to the Ecumenical Temple.
  1161 | Temple   | Entered the Ecumenical Temple
  1266 | Temple   | Became a worshipper of Makhleb the Destroyer
  1377 | D:4      | Found a blossoming altar of Fedhas.
  1382 | D:4      | Found a stormy altar of Qazlal.
  1398 | D:4      | Noticed an ogre
  1406 | D:4      | Killed an ogre
  1406 | D:4      | Gained mutation: You are partially covered in slimy green
                  | scales. (AC +2) [demonic ancestry]
  1406 | D:4      | Reached XP level 5. HP: 3/41 MP: 5/5
  1697 | D:4      | Reached skill level 3 in Axes
  1743 | D:4      | Gained mutation: You are slightly more attuned to the
                  | shadows. [demonic ancestry]
  1743 | D:4      | Reached XP level 6. HP: 44/48 MP: 6/6
  2082 | D:5      | Entered Level 5 of the Dungeon
  2089 | D:5      | Found Kyupaf's Jewellery Shop.
  2294 | D:5      | Gained mutation: You are mostly covered in sharp spines.
                  | [demonic ancestry]
  2294 | D:5      | Reached XP level 7. HP: 20/54 MP: 7/7
  2300 | D:5      | Reached skill level 4 in Axes
  2616 | D:5      | Reached * piety under Makhleb
  2730 | D:5      | Found a bloodstained altar of Trog.
  2905 | D:6      | Noticed Pikel
  2939 | D:6      | Killed Pikel
  2939 | D:6      | Reached skill level 5 in Fighting
  2939 | D:6      | Reached skill level 5 in Axes
  2939 | D:6      | Reached skill level 5 in Dodging
  2939 | D:6      | Gained mutation: You are mostly covered in slimy green
                  | scales. (AC +3) [demonic ancestry]
  2939 | D:6      | Reached XP level 8. HP: 25/62 MP: 8/8
  3204 | D:6      | Found a shadowy altar of Dithmenos.
  3212 | D:6      | Got a translucent dagger
  3213 | D:6      | Identified the +8 dagger of the Snake Pit {pain, *Noise
                  | rPois Str+2 SInv} (You found it on level 6 of the Dungeon)
  3228 | D:6      | Found an opulent altar of Gozag.
  3484 | D:6      | Reached skill level 6 in Axes
  3514 | D:6      | Found a shimmering altar of Xom.
  3515 | D:6      | Found a snail-covered altar of Cheibriados.
  3516 | D:6      | Found a hide-covered altar of Uskayaw.
  3940 | D:7      | Noticed Menkaure
  3950 | D:7      | Killed Menkaure
  3994 | D:7      | Reached skill level 5 in Armour
  3994 | D:7      | Reached XP level 9. HP: 35/69 MP: 9/9
  4000 | D:7      | Reached ** piety under Makhleb
  4037 | D:7      | Slain by an orc warrior

Levels and vault maps discovered:
D:1:      minmay_arrival_split_and_join, layout_basic
D:2:      layout_basic
D:3:      layout_rooms, lemuel_doored_altar, first_ration
D:4:      layout_loops_cross, grunt_temple_overflow_forces_of_nature,
          minmay_temple_entry_hall, serial_glass, glass_columns_c,
          glass_columns_b, minmay_crystal_room
D:5:      layout_basic, serial_shops, nicolae_shop_crystal, trog_butcher_becter
D:6:      layout_cave_pools, nicolae_dithmenos_shadow_blocks,
          grunt_temple_overflow_open, basic_altar, nicolae_benzene_ring,
          uniq_pikel
D:7:      layout_loops_cross, amethyst_overflow_temple_binary, serial_shops,
          kennysheep_little_box, uniq_duvessa, uniq_menkaure, uniq_harold,
          uniq_joseph
Temple:   nicolae_temple_hex_pool

Skill      XL: |  1  2  3  4  5  6  7  8 |
---------------+-------------------------+-----
Armour         | 1 2 3 4 5 |  5.0
Dodging        | 3 4 5 |  5.8
Fighting       | 3 4 5 |  5.9
Axes           | 3 5 6 |  6.6
Throwing       | |  1.7

Action                   |  1- 3 |  4- 6 |  7- 9 || total
-------------------------+-------+-------+-------++-------
Melee: War axe           |    78 |    80 |    66 ||   224
       Dagger            |       |       |   104 ||   104
Throw: Throwing net      |       |       |     6 ||     6
  Use: Scroll            |       |     1 |       ||     1
       Potion            |       |       |     4 ||     4
 Stab: Sleeping          |       |     1 |     4 ||     5
       Held in net/web   |       |       |     3 ||     3
  Eat: Chunk             |       |     4 |     3 ||     7
       Ration            |       |       |     1 ||     1
Armor: Leather armour    |    25 |    24 |    38 ||    87
       Skin              |       |       |     5 ||     5
Dodge: Dodged            |    52 |    59 |   122 ||   233

Table legend:
 A = Non-vault XP
 B = Vault XP
 C = Vault XP percentage of total XP
 D = Non-vault monster count
 E = Vault monster count
 F = Vault count percentage of total count
                 A         B        C        D         E       F
            +---------+---------+-------+---------+---------+-------
      Total |    2073 |     822 |  28.4 |     118 |       6 |   4.8
            +---------+---------+-------+---------+---------+-------
        D:1 |      21 |       0 |   0.0 |      11 |       0 |   0.0
        D:2 |      36 |       0 |   0.0 |      20 |       0 |   0.0
        D:3 |      42 |       0 |   0.0 |      14 |       0 |   0.0
        D:4 |     385 |       0 |   0.0 |      15 |       0 |   0.0
        D:5 |     700 |       9 |   1.3 |      24 |       4 |  14.3
        D:6 |     334 |     641 |  65.7 |      12 |       1 |   7.7
        D:7 |     555 |     172 |  23.7 |      22 |       1 |   4.3
            +---------+---------+-------+---------+---------+-------
